 Dungeon Crawl Stone Soup version 0.31-a0-167-g1c394c0614 (webtiles) character file.

Game seed: 6711895298082385230

46 qw the Shooter (level 3, 0/32 HPs)
             Began as a Naga Hunter on June 14, 2023.
             Slain by a gnoll
             ... wielding a +0 spear
              (2 damage)
             ... on level 2 of the Dungeon.
             The game lasted 00:00:19 (741 turns).

qw the Shooter (Naga Hunter)                         Turns: 741, Time: 00:00:19

Health: 0/32       AC:  2    Str: 13    XL:     3   Next: 66%
Magic:  0/3        EV:  9    Int:  9    God:
Gold:   99         SH:  0    Dex: 16    Spells: 2/2 levels left

rFire   . . .        Y - +0 shortbow
rCold   . . .        (shield currently unavailable)
rNeg    . . .        c - +0 leather armour
rPois   +            (no helmet)
rElec   .            (no cloak)
rCorr   .            (no gloves)
SInv    +            (no barding)
Will    .....        h - amulet of guardian spirit
Stlth   ++           (no ring)
HPRegen 0.25/turn    (no ring)
MPRegen 0.08/turn

%: guardian spirit
@: short of breath, very slow
A: AC +1, large, see invisible, deformed body, poison resistance, slowness 2,
spit poison 1, naga tail 1
a: Spit Poison


You were on level 2 of the Dungeon.
You visited 1 branch of the dungeon, and saw 2 of its levels.

You collected 99 gold pieces.


Innate Abilities, Weirdness & Mutations

Your serpentine skin is tough. (AC +1)
You have supernaturally acute eyesight. (SInv)
Armour fits poorly on your strangely shaped body.
Your system is resistant to poisons. (rPois)
You cover ground very slowly.
You can spit poison.
You have a snake-like lower body.


   Skills:
 - Level 2.0 Fighting
 + Level 4.8 Ranged Weapons
 - Level 1.5 Dodging
 - Level 1.5 Stealth


You had 2 spell levels left.
You didn't know any spells.
Your spell library was empty.

Inventory:

Hand Weapons
 Y - a +0 shortbow (weapon)
Armour
 c - a +0 leather armour (worn)
Jewellery
 h - an amulet of guardian spirit (around neck)
Scrolls
 a - a scroll of identify
 b - a scroll of teleportation {unknown}
Potions
 d - a potion of brilliance {unknown}
 e - a potion of berserk rage {unknown}
 f - a potion of haste
 i - a potion of attraction {unknown}
 j - a potion of degeneration {unknown}

Dungeon Overview and Level Annotations

Branches:
Dungeon (2/15)

Altars:


Message History

You shoot an arrow. The arrow hits the gnoll.
The gnoll is lightly wounded.
The gnoll hits you from afar with a +0 spear.
You shoot an arrow. The arrow hits the gnoll.
The gnoll is moderately wounded.
The gnoll hits you from afar with a +0 spear.
You shoot an arrow. The arrow closely misses the gnoll.
You have got your breath back.
The gnoll hits you from afar with a +0 spear.
734 ||| INVOKING Spit Poison.
Aiming: Spit Poison (2% risk of failure)
Press: ? - help, Shift-Dir - straight line, f/p - gnoll The splash of poison hits the gnoll!
The gnoll is poisoned.
The gnoll is almost dead.
The gnoll hits you from afar with a +0 spear.
You shoot an arrow. The arrow closely misses the gnoll.
The gnoll hits you from afar with a +0 spear.
You shoot an arrow. The arrow barely misses the gnoll.
You hear a shout!
You kill the gnoll!
A gnoll comes into view. It is wielding a +0 spear.
The gnoll closely misses you.
You shoot an arrow. The arrow completely misses the gnoll.
The gnoll barely misses you.
You shoot an arrow. The arrow hits the gnoll.
The gnoll is moderately wounded.
The gnoll hits you from afar with a +0 spear!
You shoot an arrow. The arrow hits the gnoll!
You kill the gnoll!
You have got your breath back.
740 ||| INVOKING Spit Poison.
Aiming: Spit Poison (2% risk of failure)
Press: ? - help, Shift-Dir - straight line, f - gnoll The splash of poison hits the gnoll.
The gnoll is heavily wounded.
The gnoll hits you from afar with a +0 spear.
You shoot an arrow. The arrow barely misses the gnoll.
The gnoll hits you from afar with a +0 spear!
The gnoll hits you from afar with a +0 spear.
You die...

.. #...#~#... g#
#..##~#... .#
#....~.... g#
#.#..~.... #.#
#.#..~..#. #)#
#.#.#~#.#. ###g###
#.#.#~#... #.....#
#.#.###.#.
#######@#.#.###.#.#
#.#.
#............##.#.#
.#
#.#####.#.#>.##.#.#
. #.).....#.... .
###.........# # ###
###...###.# #
...##.#.#.##.# #
#.#.##.##.#.### #
#:............####


You could see a gnoll.

Vanquished Creatures
  2 gnolls (D:2)
  A dart slug (D:1)
  A ball python (D:1)
  2 bats
  3 endoplasms
  3 goblins
  2 hobgoblins (D:1)
  2 jackals (D:2)
  3 kobolds (D:1)
  A quokka (D:1)
  2 frilled lizards (D:1)
22 creatures vanquished.

Notes
Turn   | Place    | Note
-------+----------+-------------------------------------------
     0 | D:1      | qw the Naga Hunter began the quest for the Orb.
     0 | D:1      | Reached XP level 1. HP: 19/19 MP: 1/1
     0 | D:1      | 0 ||| qw: Version: 0.2-a-29-g1fa15c8
     0 | D:1      | 0 ||| qw: Game counter: 4922
     0 | D:1      | 0 ||| qw: Always use a shield: true
     0 | D:1      | 0 ||| qw: God list: Okawaru
     0 | D:1      | 0 ||| qw: Allow faded altars: false
     0 | D:1      | 0 ||| qw: Do Orc after D:15 true
     0 | D:1      | 0 ||| qw: Do second Lair branch before Depths: true
     0 | D:1      | 0 ||| qw: Lair rune preference: random
     0 | D:1      | 0 ||| qw: Plans: Normal
     0 | D:1      | 0 ||| PLANNING D:1-11
     5 | D:1      | 5 ||| INVOKING Spit Poison.
     9 | D:1      | 9 ||| INVOKING Spit Poison.
    21 | D:1      | 21 ||| INVOKING Spit Poison.
    25 | D:1      | 25 ||| INVOKING Spit Poison.
    26 | D:1      | Reached skill level 4 in Ranged Weapons
    26 | D:1      | Reached XP level 2. HP: 14/26 MP: 2/2
    28 | D:1      | 28 ||| INVOKING Spit Poison.
    82 | D:1      | 82 ||| INVOKING Spit Poison.
    88 | D:1      | 88 ||| INVOKING Spit Poison.
   122 | D:1      | 122 ||| INVOKING Spit Poison.
   176 | D:1      | 176 ||| INVOKING Spit Poison.
   206 | D:1      | 206 ||| INVOKING Spit Poison.
   371 | D:1      | 371 ||| INVOKING Spit Poison.
   560 | D:1      | 560 ||| UPGRADING to amulet of guardian spirit.
   565 | D:1      | 565 ||| READING scroll labelled XOARUSK INEAB.
   566 | D:1      | 566 ||| READING scroll labelled BOMMU QIBRAKK.
   567 | D:1      | 567 ||| READING scroll labelled QAVONL EGOXKEZ.
   568 | D:1      | 568 ||| READING scroll labelled GEJ QEATWYTTU.
   569 | D:1      | 569 ||| READING scroll labelled SUBAILUBUTU.
   570 | D:1      | 570 ||| DRINKING 2 amethyst potions.
   571 | D:1      | 571 ||| DROPPING scroll of butterflies.
   637 | D:2      | 637 ||| INVOKING Spit Poison.
   642 | D:2      | 642 ||| INVOKING Spit Poison.
   646 | D:2      | Reached XP level 3. HP: 32/32 MP: 3/3
   648 | D:2      | 648 ||| INVOKING Spit Poison.
   728 | D:2      | 728 ||| INVOKING Spit Poison.
   729 | D:2      | 729 ||| Stepping ~*~*~tactically~*~*~ (outnumbered).
   734 | D:2      | 734 ||| INVOKING Spit Poison.
   740 | D:2      | 740 ||| INVOKING Spit Poison.
   741 | D:2      | HP: 2/32 [gnoll/+0 spear (7)]
   741 | D:2      | Slain by a gnoll

Levels and vault maps discovered:
D:1:      doesnt_arrival_eight_statues, layout_basic, hex_large
D:2:      kennysheep_big_flooded_room, layout_loops_ring,
          amcnicky_mini_rare_corridor_liquid, chequers_serial_rivers_micro_a

Skill      XL: |  1 |
---------------+----+-----
Ranged Weapons | 4 |  4.8
Fighting       | |  2.0
Dodging        | |  1.5
Stealth        | |  1.5

Action                     || total
---------------------------++-------
   Fire: Shortbow          ||    48
Ability: Spit Poison       ||    17
    Use: Scroll            ||     5
         Potion            ||     1
 Armour: Leather armour    ||     2
  Dodge: Dodged            ||    10

Table legend:
 A = Non-vault XP
 B = Vault XP
 C = Vault XP percentage of total XP
 D = Non-vault monster count
 E = Vault monster count
 F = Vault count percentage of total count
                 A         B        C        D         E       F
            +---------+---------+-------+---------+---------+-------
      Total |      66 |       0 |   0.0 |      22 |       0 |   0.0
            +---------+---------+-------+---------+---------+-------
        D:1 |      29 |       0 |   0.0 |      15 |       0 |   0.0
        D:2 |      37 |       0 |   0.0 |       7 |       0 |   0.0
            +---------+---------+-------+---------+---------+-------
